 Dungeon Crawl Stone Soup version 0.19-a0-1090-g3c1ee9c (webtiles) character file.

211 Deemzul the Slasher (level 5, 0/37 HPs)
             Began as an Octopode Monk on Aug 7, 2016.
             Slain by a sky beast (6 damage)
             ... on level 3 of the Dungeon.
             The game lasted 00:01:43 (1426 turns).

Deemzul the Slasher (Octopode Monk)                 Turns: 1426, Time: 00:01:44

Health: 0/37       AC:  1    Str: 10    XL:     5   Next: 88%
Magic:  5/5        EV: 15    Int: 13    God:
Gold:   150        SH:  3    Dex: 15    Spells: 0 memorised, 4 levels left

rFire  . . .     SeeInvis .     r - +2 quarterstaff (chaos)
rCold  . . .     Gourm    .     (shield currently unavailable)
rNeg   . . .     Faith    .     (helmet restricted)
rPois  .         Spirit   .     h - +3 amulet of reflection
rElec  .         Dismiss  .     (no ring)
rCorr  .         Reflect  +     (no ring)
SustAt .         Harm     .     (no ring)
MR     .....                    (no ring)
Stlth  ++++......               (no ring)
                                (no ring)
                                (no ring)
                                (no ring)

@:
A: almost no armour, amphibious, 8 rings, constrict 8, camouflage 1, gelatinous
body 1
a: no special abilities


You were on level 3 of the Dungeon.
You were not hungry.

You visited 1 branch of the dungeon, and saw 3 of its levels.

You collected 150 gold pieces.

Inventory:

Hand Weapons
 a - a +0 falchion
 r - a +2 quarterstaff of chaos (weapon)
Jewellery
 h - a +3 amulet of reflection (around mantle)
Wands
 l - a wand of polymorph (12/24)
 q - a wand of polymorph (9/24)
Scrolls
 c - a scroll of noise {unknown}
 e - a scroll of immolation {unknown}
 k - a scroll of amnesia {unknown}
 m - a scroll of teleportation {unknown}
 o - 3 scrolls of identify {unknown}
 t - a scroll of enchant weapon {unknown}
Potions
 d - a potion of degeneration {unknown}
 f - a potion of brilliance {unknown}
 i - 2 potions of curing {unknown}
 j - a potion of flight {unknown}
 u - a potion of berserk rage {unknown}
Comestibles
 b - 4 bread rations
 g - a slice of pizza
 n - a beef jerky
 p - a meat ration


   Skills:
 * Level 4.0 Fighting
 + Level 4.5 Long Blades
 + Level 3.8 Dodging
 + Level 4.5 Stealth


You had 4 spell levels left.
You didn't know any spells.

Dungeon Overview and Level Annotations

Branches:
Dungeon (3/15)

Altars:


Innate Abilities, Weirdness & Mutations

You cannot wear most types of armour.
You are amphibious.
You can wear up to eight rings at the same time.
You can use your tentacles to constrict eight enemies at once.
Your skin changes colour to match your surroundings (Stealth+).
Your rubbery body absorbs attacks. (AC +1, EV +1)


Message History

You hit the sky beast.
The sky beast seems to speed up.
The sky beast is moderately wounded.
The sky beast closely misses you. The sky beast hits you.
The sky beast shocks you.
You closely miss the sky beast.
The sky beast is moderately wounded.
The sky beast barely misses you. The sky beast misses you.
You sock the sky beast!
The sky beast is poisoned.
You squeeze the sky beast, but do no damage.
The sky beast is heavily wounded.
The sky beast completely misses you.
The sky beast flickers out of sight!
Deactivating autopickup; reactivate with Ctrl-A.
Something hits you. Something shocks you.
* * * LOW HITPOINT WARNING * * *
You see here 8 gold pieces.
Something closely misses you. Something hits you.
* * * LOW HITPOINT WARNING * * *
Something shocks you.
You die...

#.###.## #
......##############
. #.%..............
#. #...#############
####.#### #...#
........#####%..#####
#.......).........
######.#####.#######
#. .........$..@.#
#.# .######.#######
#.# #.# #.# #.# #.#
#.# #.# #.# #.# #.#
#.. #. ##### #[#
#...####[#


There were no monsters in sight!

Vanquished Creatures
  Crazy Yiuf (D:2)
  Ijyb (D:2)
  Natasha (thrice) (D:2)
  4 adders
  2 worms
  2 dart slugs
  2 giant geckos
  An orc (D:3)
  4 bats
  2 giant cockroaches
  6 goblins
  3 hobgoblins
  A quokka (D:3)
  4 giant newts
  3 kobolds
  6 rats
45 creatures vanquished.

Notes
Turn   | Place    | Note
-------+----------+-------------------------------------------
     0 | D:1      | Deemzul the Octopode Monk began the quest for the Orb.
     0 | D:1      | Reached XP level 1. HP: 16/16 MP: 1/1
   190 | D:1      | Reached XP level 2. HP: 21/21 MP: 2/2
   550 | D:2      | Reached XP level 3. HP: 13/26 MP: 3/3
   573 | D:2      | Noticed Ijyb
   584 | D:2      | Killed Ijyb
   615 | D:2      | Reached XP level 4. HP: 28/31 MP: 4/4
   669 | D:2      | Found a runed door.
   746 | D:2      | Noticed Natasha
   756 | D:2      | Killed Natasha
  1056 | D:2      | Noticed Natasha
  1061 | D:2      | Killed Natasha
  1061 | D:2      | Reached XP level 5. HP: 31/37 MP: 5/5
  1085 | D:2      | Noticed Natasha
  1094 | D:2      | Killed Natasha
  1134 | D:2      | Noticed Crazy Yiuf
  1141 | D:2      | Killed Crazy Yiuf
  1405 | D:3      | Noticed a sky beast
  1426 | D:3      | Slain by a sky beast

Vault maps used:
D:1:      minmay_arrival_widening_spiral_narrow, minmay_tetromino_i2
D:2:      uniq_iyjb, uniq_crazy_yiuf_cottage, uniq_natasha

Skill      XL: |  1  2  3  4  5 |
---------------+----------------+-----
Stealth        | 3 4 |  4.5
Long Blades    | 4 |  4.5
Fighting       | 4 |  4.0
Dodging        | |  3.8

Action                   |  1- 3 |  4- 6 || total
-------------------------+-------+-------++-------
Melee: Falchion          |    47 |    43 ||    90
       Tentacles         |     8 |    15 ||    23
       Constrict         |     8 |    10 ||    18
       Quarterstaff      |       |    21 ||    21
  Use: Potion            |     1 |       ||     1
 Stab: Sleeping          |     8 |    12 ||    20
       Distracted        |       |     1 ||     1
  Eat: Chunk             |       |     2 ||     2
Armor: Skin              |     2 |     2 ||     4
Dodge: Dodged            |    17 |    29 ||    46
Block: Other             |     1 |     5 ||     6
